[Event "ICC tourney 1954 (60 10)"]
[Site "Internet Chess Club"]
[Date "2020.08.09"]
[Round "9"]
[White "BArkadia"]
[Black "PranitP2011"]
[Result "1-0"]
[ICCResult "Black resigns"]
[WhiteElo "1208"]
[BlackElo "1010"]
[Opening "Evans gambit"]
[ECO "C52"]
[NIC "IG.05"]
[Time "18:49:29"]
[TimeControl "3600+10"]

1. e4 e5 2. Nf3 Nc6 3. Bc4 Bc5 4. b4 Bxb4 5. c3 Ba5 6. d4 exd4 7. Nxd4 Nxd4
8. Qxd4 Qf6 9. e5 Qg6 10. O-O Ne7 11. Bd3 Nc6 12. Qe3 Bb6 13. Qf3 Nxe5 14.
Re1 Qe6 15. Qg3 O-O 16. Rxe5 Qf6 17. Be3 c5 18. Bxh7+ Kxh7 19. Rh5+ Kg8 20.
Qh3 g6 21. Bg5 Qg7 22. Rh4 d5 23. Qf3 Re8 24. Nd2 Bf5 25. g4 Be4 26. Qf4
Rac8 27. Nxe4 Rxe4 28. Qf3 Ba5 29. Bf6 {Black resigns} 1-0

[Event "ICC tourney 1954 (60 10)"]
[Site "Internet Chess Club"]
[Date "2020.08.09"]
[Round "9"]
[White "Cougar2020"]
[Black "vedanta07"]
[Result "0-1"]
[ICCResult "White checkmated"]
[WhiteElo "1149"]
[BlackElo "1334"]
[Opening "Sicilian: Pelikan, Chelyabinsk variation"]
[ECO "B33"]
[NIC "SI.37"]
[Time "18:48:48"]
[TimeControl "3600+10"]

1. e4 c5 2. Nf3 Nc6 3. d4 cxd4 4. Nxd4 Nf6 5. Nc3 e5 6. Ndb5 d6 7. Na3 a6 8.
Bg5 b5 9. Nd5 Be7 10. Bxf6 Bxf6 11. c3 Be6 12. Nxf6+ Qxf6 13. Qxd6 Bd7 14.
Qxf6 gxf6 15. g3 h5 16. h4 O-O-O 17. Be2 f5 18. exf5 Bxf5 19. O-O Rd2 20.
Bf3 e4 21. Bg2 Rxb2 22. f3 e3 23. Rfe1 Re8 24. g4 hxg4 25. fxg4 Bd7 26. Bf3
Rg8 27. g5 f6 28. Rxe3 fxg5 29. Bd5 Rg6 30. Rg3 g4 31. Rf1 Rh6 32. Rg2 Rxg2+
33. Kxg2 Rxh4 34. Bxc6 Bxc6+ 35. Kg3 Rh3+ 36. Kxg4 Rxc3 37. Nb1 Rc4+ 38. Kg5
Kc7 39. Rf4 Rxf4 40. Kxf4 Kd6 41. Ke3 Kc5 42. Kd2 Be4 43. Nc3 Bd5 44. Nxd5
Kxd5 45. Kc3 Kc5 46. Kb3 a5 47. a3 a4+ 48. Kc3 Kb6 49. Kb4 Kc6 50. Ka5 Kc5
51. Ka6 b4 52. axb4+ Kxb4 53. Kb7 a3 54. Kc7 a2 55. Kd7 a1=Q 56. Ke7 Qa6 57.
Kf7 Qd6 58. Kg7 Qe6 59. Kh8 Qe7 60. Kg8 Kc5 61. Kh8 Kd6 62. Kg8 Ke6 63. Kh8
Kf6 64. Kg8 Qg7# {White checkmated} 0-1

[Event "ICC tourney 1954 (60 10)"]
[Site "Internet Chess Club"]
[Date "2020.08.09"]
[Round "9"]
[White "jhong3"]
[Black "Rockstaryoyo901"]
[Result "0-1"]
[ICCResult "White checkmated"]
[WhiteElo "1024"]
[BlackElo "811"]
[Opening "French: Two knights variation"]
[ECO "C00"]
[NIC "FR.01"]
[Time "18:49:17"]
[TimeControl "3600+10"]

1. e4 e6 2. Nf3 d5 3. Nc3 dxe4 4. Nxe4 b6 5. Bd3 Bb7 6. O-O Nf6 7. Qe2 Be7
8. b3 Qd5 9. c4 Qc6 10. Nxf6+ Bxf6 11. b4 Bxa1 12. c5 a6 13. cxb6 cxb6 14.
b5 Qc5 15. bxa6 Bxa6 16. Qe4 Qc6 17. Qe3 Bxd3 18. Qxd3 Rxa2 19. Re1 O-O 20.
h3 Nd7 21. Ba3 Ra8 22. Rc1 R8xa3 23. Qxa3 Rxa3 24. Rxc6 g6 25. Rd6 Ra7 26.
d4 Rc7 27. g3 Bc3 28. Ne5 Nxe5 29. dxe5 Rb7 30. f4 b5 31. Kf2 b4 32. Ke2 b3
33. Rd1 b2 34. Rb1 h5 35. Kd3 Bb4 36. Rxb2 Rb6 37. Kc4 Ba5 38. Rxb6 Bxb6 39.
Kd3 Bf2 40. g4 hxg4 41. hxg4 Kf8 42. Ke4 Ke8 43. g5 Kd7 44. Kf3 Ba7 45. Ke4
Kc6 46. Kd3 Kd5 47. Ke2 Ke4 48. Kf1 Kxf4 49. Kg2 Kxg5 50. Kf3 Kf5 51. Ke2
Kxe5 52. Kf1 Kf4 53. Kg2 f5 54. Kf1 g5 55. Ke2 e5 56. Kf1 Kf3 57. Ke1 f4 58.
Kf1 e4 59. Ke1 g4 60. Kf1 Ke3 61. Ke1 Kd3 62. Kf1 f3 63. Ke1 Kc2 64. Kf1 g3
65. Ke1 e3 66. Kf1 e2+ 67. Ke1 Bf2# {White checkmated} 0-1

[Event "ICC tourney 1954 (60 10)"]
[Site "Internet Chess Club"]
[Date "2020.08.09"]
[Round "9"]
[White "layla0422"]
[Black "kushagra12"]
[Result "0-1"]
[ICCResult "White checkmated"]
[WhiteElo "1116"]
[BlackElo "838"]
[Opening "Sicilian defense"]
[ECO "B20"]
[NIC "SI.48"]
[Time "18:48:44"]
[TimeControl "3600+10"]

1. e4 c5 2. b3 Nc6 3. Bb2 e5 4. Nf3 d6 5. Bb5 Nf6 6. Nc3 Bd7 7. Bc4 Be7 8.
O-O O-O 9. d3 Nd4 10. Nxd4 cxd4 11. Nd5 b5 12. Nxf6+ Bxf6 13. Bd5 Rc8 14.
Ba3 Be7 15. Rc1 Qa5 16. Bb2 Qxa2 17. Rb1 Qa5 18. Ra1 Qb6 19. b4 Rc7 20. Qd2
Rfc8 21. Rfc1 h6 22. Qe2 Bg5 23. Rcb1 Rxc2 24. Qf3 Be8 25. Qf5 Qc7 26. g3 g6
27. Qxg6+ Kf8 28. Qf5 Qe7 29. h4 Bd7 30. Qh7 Qf6 31. hxg5 Qxf2+ 32. Kh1 Qh2#
{White checkmated}
0-1

[Event "ICC tourney 1954 (60 10)"]
[Site "Internet Chess Club"]
[Date "2020.08.09"]
[Round "9"]
[White "Remington"]
[Black "lemonbar"]
[Result "1-0"]
[ICCResult "Black checkmated"]
[WhiteElo "778"]
[BlackElo "1032"]
[Opening "Queen's bishop game"]
[ECO "D00"]
[NIC "QP.08"]
[Time "18:48:38"]
[TimeControl "3600+10"]

1. d4 d5 2. Bf4 Nf6 3. Nf3 Nbd7 4. e3 e6 5. c4 b6 6. Nc3 Bb7 7. Nb5 e5 8.
Bxe5 Nxe5 9. Nxe5 Bb4+ 10. Nc3 Bxc3+ 11. bxc3 O-O 12. Bd3 dxc4 13. Bxc4 Bd5
14. Bxd5 Qxd5 15. O-O Ne4 16. c4 Qe6 17. Qd3 Nf6 18. Nf3 c6 19. Rfe1 Qe4 20.
Qc3 Rfe8 21. Nd2 Qg4 22. f3 Qg5 23. e4 Nh5 24. e5 Nf4 25. g3 Nh3+ 26. Kg2
Nf4+ 27. Kh1 Ng6 28. Ne4 Qd8 29. Kg2 c5 30. dxc5 Nxe5 31. cxb6 Qxb6 32. Red1
Rad8 33. Rxd8 Rxd8 34. Qxe5 Qe6 35. Qxe6 fxe6 36. c5 Rc8 37. Rc1 Kf7 38.
Nd6+ Ke7 39. Nxc8+ Kd7 40. Nxa7 Kc7 41. c6 e5 42. Nb5+ Kc8 43. c7 g5 44.
Na7+ Kb7 45. c8=Q+ Kxa7 46. Rc7+ Kb6 47. Qb8+ Ka6 48. Ra7# {Black
checkmated} 1-0

[Event "ICC tourney 1954 (60 10)"]
[Site "Internet Chess Club"]
[Date "2020.08.09"]
[Round "9"]
[White "shawnchicken"]
[Black "suhavit"]
[Result "1-0"]
[ICCResult "Black checkmated"]
[WhiteElo "1341"]
[BlackElo "1108"]
[Opening "QGD: 4.Bg5 Be7"]
[ECO "D53"]
[NIC "QO.13"]
[Time "18:49:06"]
[TimeControl "3600+10"]

1. d4 d5 2. c4 e6 3. Nc3 Nf6 4. Bg5 Be7 5. Nf3 Nc6 6. e3 O-O 7. Qc2 h6 8.
Bh4 Bd7 9. Bxf6 Bxf6 10. cxd5 exd5 11. Nxd5 Be6 12. Nxf6+ Qxf6 13. Rd1 Bd5
14. e4 Rfe8 15. Bd3 Rac8 16. O-O Nb4 17. Qd2 Nxd3 18. exd5 Nf4 19. Qa5 a6
20. Rc1 Qd6 21. Ne5 Nxd5 22. Nc4 Qd7 23. Ne5 Qe6 24. Rfe1 Nf6 25. Nf3 Qd7
26. Rxe8+ Rxe8 27. Qxc7 Qxc7 28. Rxc7 Re2 29. Rxb7 Rc2 30. h3 Ne4 31. d5 Kh7
32. a3 Rc5 33. Rxf7 Rxd5 34. Ra7 Rb5 35. b4 Rb6 36. Nd4 Nd6 37. Ne6 Nf5 38.
Nf8+ Kg8 39. Ra8 Rc6 40. Ng6+ Kh7 41. Nf8+ Kg8 42. h4 Rc1+ 43. Kh2 Rc6 44.
Ng6+ Kh7 45. h5 Rxg6 46. hxg6+ Kxg6 47. Rxa6+ Kh7 48. b5 Nd4 49. b6 Nc6 50.
b7 Nb8 51. Ra8 Nd7 52. b8=Q Nxb8 53. Rxb8 Kg6 54. a4 Kf7 55. a5 Ke7 56. a6
Kd7 57. a7 Kc7 58. a8=Q Kd6 59. Re8 Kd7 60. Qd8+ Kc6 61. Qd1 Kc7 62. Re2 Kc6
63. Rc2+ Kb5 64. Qb1+ Ka4 65. Ra2# {Black checkmated} 1-0

[Event "ICC tourney 1954 (60 10)"]
[Site "Internet Chess Club"]
[Date "2020.08.09"]
[Round "9"]
[White "Maximusiv"]
[Black "nirvana2020"]
[Result "1-0"]
[ICCResult "Black resigns"]
[WhiteElo "1047"]
[BlackElo "776"]
[Opening "Petrov's defense"]
[ECO "C42"]
[NIC "RG.03"]
[Time "18:48:52"]
[TimeControl "3600+10"]

1. e4 e5 2. Nf3 Nf6 3. Nxe5 Qe7 4. Nf3 Qxe4+ 5. Be2 Bc5 6. O-O O-O 7. Re1
Qg6 8. Bd3 Qh6 9. Bc4 Bb6 10. d4 Qh5 11. Re5 Qg4 12. h3 Qg6 13. Nh4 Qe4 14.
Rxe4 Nxe4 15. Nc3 Nf6 16. Bg5 Ne8 17. Be7 Nd6 18. Bxf8 Nxc4 19. Bc5 Nxb2 20.
Qe2 Bxc5 21. dxc5 h6 22. Qe8+ Kh7 23. Qxc8 a5 24. Qxb7 Ra6 25. Qxb2 Nc6 26.
Nd5 f6 27. Qc3 Ne5 28. Nxc7 Ra7 29. Nd5 Ra6 30. f4 Nf7 31. Qd3+ Kg8 32. Qxa6
Kh7 33. Qxa5 Kg8 34. Qa8+ Kh7 {Black resigns} 1-0

[Event "ICC tourney 1954 (60 10)"]
[Site "Internet Chess Club"]
[Date "2020.08.09"]
[Round "9"]
[White "diamondearring"]
[Black "joshhansen7"]
[Result "0-1"]
[ICCResult "White checkmated"]
[WhiteElo "783"]
[BlackElo "260"]
[Opening "Caro-Kann: advance variation"]
[ECO "B12"]
[NIC "CK.04"]
[Time "18:48:53"]
[TimeControl "3600+10"]

1. e4 c6 2. d4 d5 3. e5 Bf5 4. Nf3 e6 5. Be2 Ne7 6. O-O g6 7. Nh4 Bg7 8. f3
g5 9. Bxg5 Qb6 10. b3 O-O 11. Bxe7 Re8 12. Bc5 Qa5 13. Nd2 Bh6 14. Nb1 Nd7
15. Nxf5 exf5 16. Bd6 Qb6 17. Qd3 Nxe5 18. Bxe5 Rxe5 19. Kh1 Re3 20. Qd1
Rxe2 21. Qxe2 Qxd4 22. Re1 Qxa1 23. c3 d4 24. cxd4 Qxd4 25. g3 f4 26. Rd1
Qc5 27. g4 Bg5 28. Qd3 Qf2 29. Qd7 Rd8 30. Rd2 Rxd7 31. Rxf2 Rd1+ 32. Kg2
Rxb1 33. Rd2 b5 34. a4 Rxb3 35. Rd7 bxa4 36. Rc7 a3 37. Rxc6 a2 38. Rc1 Rb1
39. Rxb1 axb1=Q 40. h4 Bxh4 41. g5 a5 42. g6 fxg6 43. Kh2 a4 44. Kh3 a3 45.
Kxh4 a2 46. Kg5 Qg1+ 47. Kh4 a1=Q 48. Kh3 Qg3# {White checkmated} 0-1

[Event "ICC tourney 1954 (60 10)"]
[Site "Internet Chess Club"]
[Date "2020.08.09"]
[Round "9"]
[White "MBashur"]
[Black "srinandasai12"]
[Result "0-1"]
[ICCResult "White resigns"]
[WhiteElo "895"]
[BlackElo "1125"]
[Opening "Queen's pawn: London system"]
[ECO "A45"]
[NIC "QP.07"]
[Time "18:48:46"]
[TimeControl "3600+10"]

1. d4 Nf6 2. Bf4 g6 3. e3 Bg7 4. c4 O-O 5. Nf3 d6 6. Nbd2 c6 7. Bg5 a6 8.
Bd3 b5 9. O-O Qc7 10. Bxf6 Bxf6 11. Ne4 Bg7 12. h3 Bf5 13. Neg5 Bxd3 14.
Qxd3 bxc4 15. Qc3 d5 16. Rac1 c5 17. h4 cxd4 18. exd4 Nc6 19. b3 Qf4 20. g3
Qg4 21. bxc4 Bxd4 22. Nh2 Qd7 23. Qd3 dxc4 24. Rxc4 Bxf2+ 25. Rxf2 Qxd3 26.
Rxc6 Rab8 27. Rc1 Rb1 28. Rxb1 Qxb1+ 29. Nf1 Qb6 30. Kg2 e5 31. Rc2 Qb7+ 32.
Nf3 e4 33. N3h2 e3+ 34. Nf3 Re8 35. Re2 Qb6 36. N3h2 Qc6+ 37. Nf3 Qc5 38.
N1h2 Qc4 39. Re1 Qxa2+ 40. Kh3 a5 41. Ng4 Kg7 42. Nxe3 Qa3 43. Nf5+ gxf5 44.
Rxe8 Qxf3 {White resigns} 0-1

[Event "ICC tourney 1954 (60 10)"]
[Site "Internet Chess Club"]
[Date "2020.08.09"]
[Round "9"]
[White "HKChessTour"]
[Black "Mikanikal"]
[Result "1-0"]
[ICCResult "Black resigns"]
[WhiteElo "1127"]
[BlackElo "1310"]
[Opening "Pirc: classical system, 5.Be2"]
[ECO "B08"]
[NIC "PU.03"]
[Time "18:49:06"]
[TimeControl "3600+10"]

1. e4 d6 2. d4 Nf6 3. Nc3 g6 4. Nf3 Bg7 5. Be2 O-O 6. O-O c6 7. Be3 Na6 8.
Bxa6 bxa6 9. Qd2 Rb8 10. Rab1 Ng4 11. Bf4 Qb6 12. h3 Nf6 13. Bh6 Be6 14.
Bxg7 Kxg7 15. Ng5 Bd7 16. f4 h6 17. Nf3 c5 18. Kh1 Bb5 19. Nxb5 axb5 20. e5
Nh5 21. Kh2 dxe5 22. dxe5 Rbd8 23. Qe3 Kh7 24. g4 Ng7 25. Rg1 Qc7 26. Qe4 f5
27. gxf5 gxf5 28. Qe2 Rg8 29. Rg2 Ne6 30. Rxg8 Rxg8 31. Qd3 Rf8 32. Nh4 Nxf4
33. Qg3 Rg8 34. Qxf4 e6 35. Rg1 Rxg1 36. Kxg1 c4 37. Qg3 Qg7 38. Qxg7+ Kxg7
39. Kf2 h5 40. Kf3 Kh6 41. Kf4 a5 42. b3 c3 43. Nf3 {Black resigns} 1-0

[Event "ICC tourney 1954 (60 10)"]
[Site "Internet Chess Club"]
[Date "2020.08.09"]
[Round "9"]
[White "BabyCheeks25"]
[Black "yashvi"]
[Result "0-1"]
[ICCResult "White resigns"]
[WhiteElo "850"]
[BlackElo "1318"]
[Opening "Queen's pawn"]
[ECO "A40"]
[NIC "QO.17"]
[Time "18:48:54"]
[TimeControl "3600+10"]

1. d4 e6 2. Nf3 d5 3. e3 c5 4. dxc5 Bxc5 5. Nbd2 Nf6 6. Nb3 Qb6 7. Nxc5 Qxc5
8. c3 O-O 9. Qd4 b6 10. Be2 Nc6 11. Qxc5 bxc5 12. O-O h6 13. c4 Ba6 14. b3
Rab8 15. Re1 d4 16. Ba3 dxe3 17. Bxc5 exf2+ 18. Kxf2 Ne4+ 19. Ke3 Nxc5 20.
Nd4 Nxd4 21. Kxd4 Rbc8 22. Bf3 Rfd8+ 23. Kc3 Bb7 24. Bxb7 Nxb7 25. Re5 Rd5
26. Rxd5 exd5 27. Kb4 dxc4 28. bxc4 a5+ 29. Kb5 Nd6+ 30. Kxa5 Nxc4+ 31. Kb4
Ne3 32. g3 Nc2+ {White resigns} 0-1

[Event "ICC tourney 1954 (60 10)"]
[Site "Internet Chess Club"]
[Date "2020.08.09"]
[Round "9"]
[White "vaav"]
[Black "adma2028"]
[Result "0-1"]
[ICCResult "White checkmated"]
[WhiteElo "1159"]
[BlackElo "1321"]
[Opening "QGD semi-Slav: 5.e3"]
[ECO "D45"]
[NIC "SL.08"]
[Time "18:49:04"]
[TimeControl "3600+10"]

1. d4 d5 2. c4 e6 3. Nc3 c6 4. e3 Nf6 5. Nf3 Bb4 6. Bd2 Nbd7 7. a3 Bd6 8.
Bd3 Bc7 9. O-O O-O 10. e4 dxe4 11. Nxe4 Nxe4 12. Bxe4 Nf6 13. Bg5 h6 14.
Bxf6 Qxf6 15. Qd3 Rd8 16. Rad1 Qe7 17. h3 f5 18. Bxf5 exf5 19. Rfe1 Qf7 20.
Rd2 Be6 21. c5 Bc4 22. Qc2 Re8 23. Rc1 Bd5 24. Qd3 Bf4 25. Re1 Rxe1+ 26.
Nxe1 Bxd2 27. Qxd2 Qd7 28. Qf4 Be4 29. f3 Qxd4+ 30. Kh1 Qf2 31. Qc1 Bd5 32.
Nd3 Qd4 33. Qc2 Rd8 34. Nb4 Bc4 35. Kh2 a5 36. Nxc6 bxc6 37. b3 Bd5 38. Qe2
Bxb3 39. Qf1 Qf4+ 40. g3 Qd2+ 41. Kh1 Qd1 42. Qxd1 Rxd1+ 43. Kg2 Rd2+ 44.
Kf1 Kf7 45. Ke1 Rc2 46. g4 fxg4 47. hxg4 Kf6 48. f4 g5 49. f5 Ke5 50. f6
Kxf6 51. Kf1 Ke5 52. Ke1 Rg2 53. Kf1 Bd5 54. Ke1 Kf4 55. Kd1 Kxg4 56. Ke1 h5
57. Kf1 h4 58. Ke1 h3 59. Kd1 h2 60. Kc1 h1=Q# {White checkmated} 0-1

[Event "ICC tourney 1954 (60 10)"]
[Site "Internet Chess Club"]
[Date "2020.08.09"]
[Round "9"]
[White "Red-Pin"]
[Black "lukebugbee"]
[Result "1-0"]
[ICCResult "Black checkmated"]
[WhiteElo "1384"]
[BlackElo "887"]
[Opening "Queen's pawn: London system"]
[ECO "A45"]
[NIC "QP.07"]
[Time "18:49:04"]
[TimeControl "3600+10"]

1. d4 Nf6 2. Bf4 d6 3. e3 g6 4. Nf3 Bg4 5. Be2 Nc6 6. c4 Bg7 7. Nc3 e6 8.
Qa4 O-O 9. O-O Nh5 10. Bg3 Nxg3 11. hxg3 Ne7 12. Rad1 a6 13. e4 h5 14. Nh2
Bxe2 15. Nxe2 g5 16. g4 h4 17. g3 h3 18. Nf3 Ng6 19. Kh2 Qf6 20. Qb3 Ne7 21.
Kxh3 Qh6+ 22. Kg2 Bf6 23. Rh1 Qg6 24. Rh5 Qxe4 25. Qe3 Qxe3 26. fxe3 Kg7 27.
Nxg5 Rh8 28. Rdh1 Rxh5 29. Rxh5 Bxg5 30. Rxg5+ Kf6 31. Rh5 a5 32. Kf3 e5 33.
d5 b5 34. cxb5 Nxd5 35. Nc3 Nb6 36. e4 Nc4 37. b3 Nd2+ 38. Ke2 a4 39. Kxd2
axb3 40. axb3 Ke6 41. Nd5 Kd7 42. Rf5 Ra2+ 43. Kd3 Rg2 44. Rxf7+ Kc8 45.
Rxc7+ Kd8 46. b6 Rxg3+ 47. Kc4 Rxg4 48. b7 Rxe4+ 49. Kb5 Rb4+ 50. Kxb4 e4
51. b8=R# {Black checkmated} 1-0

[Event "ICC tourney 1954 (60 10)"]
[Site "Internet Chess Club"]
[Date "2020.08.09"]
[Round "9"]
[White "nathanarnold12"]
[Black "stephenwilly"]
[Result "0-1"]
[ICCResult "White resigns"]
[WhiteElo "1307"]
[BlackElo "1150"]
[Opening "French: Tarrasch, open variation"]
[ECO "C07"]
[NIC "FR.18"]
[Time "18:49:23"]
[TimeControl "3600+10"]

1. e4 e6 2. d4 d5 3. Nd2 c5 4. Ngf3 Nc6 5. Bb5 dxe4 6. Nxe4 Qa5+ 7. Nc3 Bd7
8. O-O Nf6 9. d5 exd5 10. Re1+ Be7 11. Bg5 a6 12. Bxc6 bxc6 13. Bxf6 gxf6
14. Qe2 Be6 15. Rad1 Rb8 16. Nxd5 cxd5 17. Rxd5 Rxb2 18. Nd4 Rb6 19. Nb3
Qxa2 20. Qe4 O-O 21. Rh5 f5 22. Qe5 Qxc2 23. Rh3 Rxb3 24. Kh1 Rxh3 25. gxh3
Qxf2 26. Rg1+ Qxg1+ 27. Kxg1 Rd8 28. Qc7 Rd1+ 29. Kf2 Bh4+ 30. Ke2 Re1+ 31.
Kd2 c4 32. Qb8+ Kg7 33. Qb2+ Kg6 34. Qd4 Re4 35. Qg1+ Bg5+ 36. Kc3 Re3+ 37.
Kd4 Rxh3 38. Qg2 Rd3+ 39. Kc5 c3 40. h4 h6 41. hxg5 hxg5 42. Qc2 Rg3 43. Kb6
g4 44. Kxa6 Bc4+ 45. Kb6 Rd3 46. Kc5 Ba6 47. Kb6 Rd6+ 48. Kc5 Rd8 49. Kb4
Rb8+ 50. Ka5 Bf1 51. Qxc3 Kg5 52. Qc1+ f4 53. Qxf1 f5 54. Qf2 Rb3 55. Qc2
Rf3 56. Qc7 Rf2 57. Qe7+ Kh5 58. Qf6 g3 59. Qxf5+ Kh4 60. Qh7+ Kg4 61. Qg6+
Kf3 62. Qh5+ Kg2 63. Kb4 f3 64. Kc3 Rf1 65. Kd2 f2 66. Qd5+ Kg1 67. Qf3 g2
68. Ke2 Re1+ 69. Kd2 f1=Q 70. Qg4 Qf2+ 71. Kd3 Qe3+ 72. Kc2 Rc1+ {White
resigns} 0-1

[Event "ICC tourney 1954 (60 10)"]
[Site "Internet Chess Club"]
[Date "2020.08.09"]
[Round "9"]
[White "minecraftchess"]
[Black "Justin2009"]
[Result "0-1"]
[ICCResult "White checkmated"]
[WhiteElo "905"]
[BlackElo "1260"]
[Opening "Scandinavian (center counter) defense"]
[ECO "B01"]
[NIC "VO.17"]
[Time "18:49:29"]
[TimeControl "3600+10"]

1. e4 d5 2. e5 Nc6 3. Nf3 f6 4. Bb5 a6 5. Bxc6+ bxc6 6. exf6 Nxf6 7. O-O Bg4
8. Nc3 e5 9. h3 Bh5 10. d3 e4 11. dxe4 dxe4 12. Re1 Qxd1 13. Nxd1 O-O-O 14.
Nd2 Bc5 15. b3 Rhe8 16. Bb2 e3 17. fxe3 Bxd1 18. Bxf6 gxf6 19. Raxd1 Bxe3+
20. Kf1 Bxd2 21. Rxe8 Rxe8 22. Rxd2 Kb7 23. g4 Re3 24. Rd3 Rxd3 25. cxd3 Kb6
26. Kg2 Kc5 27. Kg3 Kd4 28. h4 Kxd3 29. h5 Ke4 30. a4 c5 31. Kh4 h6 32. Kg3
c6 33. Kh4 f5 34. g5 hxg5+ 35. Kxg5 f4 36. h6 f3 37. h7 f2 38. h8=Q f1=Q 39.
Qe8+ Kd4 40. Qxc6 Qe1 41. Qxa6 Qe3+ 42. Kf6 Qxb3 43. Qd6+ Kc4 44. Qf4+ Kd3
45. a5 Qc3+ 46. Kf5 Qxa5 47. Qe4+ Kd2 48. Qd5+ Kc3 49. Ke6 Qb6+ 50. Ke5 Qc7+
51. Ke4 Qe7+ 52. Kf5 Qf8+ 53. Ke6 Qg8+ 54. Ke5 Qxd5+ 55. Kxd5 c4 56. Kc5 Kb3
57. Kd4 c3 58. Kd3 Kb2 59. Ke2 c2 60. Kd2 c1=Q+ 61. Kd3 Qc3+ 62. Ke4 Qd2 63.
Kf3 Qe1 64. Kg4 Qf2 65. Kg5 Qf3 66. Kh4 Qg2 67. Kh5 Kc3 68. Kh6 Kd4 69. Kh5
Ke5 70. Kh4 Kf5 71. Kh5 Qh2# {White checkmated} 0-1

[Event "ICC tourney 1954 (60 10)"]
[Site "Internet Chess Club"]
[Date "2020.08.09"]
[Round "9"]
[White "sakethdesu"]
[Black "srikardesu"]
[Result "1-0"]
[ICCResult "Black checkmated"]
[WhiteElo "853"]
[BlackElo "195"]
[Opening "Ruy Lopez: Bird's defense"]
[ECO "C61"]
[NIC "RL.05"]
[Time "18:48:51"]
[TimeControl "3600+10"]

1. e4 e5 2. Nf3 Nc6 3. Bb5 Nd4 4. Bc4 Nxf3+ 5. Qxf3 Nf6 6. Nc3 Bc5 7. d3 O-O
8. Bg5 Be7 9. Qg3 Nh5 10. Bxe7 Qxe7 11. Qf3 g6 12. O-O Nf4 13. Rad1 d6 14.
g3 Nh3+ 15. Kh1 Qg5 16. Qg2 Bg4 17. f3 Bd7 18. Ne2 b5 19. Bb3 a5 20. a3 b4
21. f4 exf4 22. gxf4 Qh4 23. f5 a4 24. Ba2 b3 25. cxb3 Bc6 26. b4 Bb7 27.
fxg6 hxg6 28. Bxf7+ Rxf7 29. Qxg6+ Rg7 30. Qe6+ Kh7 31. Qf5+ Rg6 32. Nf4 Kg8
33. Qxg6+ Kf8 34. Nxh3+ Ke7 35. Qf7+ Kd8 36. Rc1 Rc8 37. Qf8+ Kd7 38. Qg7+
Qe7 39. Qg4+ Qe6 40. Rf7+ Ke8 41. Qg8# {Black checkmated} 1-0

[Event "ICC tourney 1954 (60 10)"]
[Site "Internet Chess Club"]
[Date "2020.08.09"]
[Round "9"]
[White "CobaltGame"]
[Black "GIML"]
[Result "1-0"]
[ICCResult "Black resigns"]
[WhiteElo "1329"]
[BlackElo "1086"]
[Opening "Grünfeld: exchange, classical variation"]
[ECO "D86"]
[NIC "GI.05"]
[Time "18:49:27"]
[TimeControl "3600+10"]

1. d4 Nf6 2. c4 g6 3. Nc3 d5 4. cxd5 Nxd5 5. e4 Nxc3 6. bxc3 Bg7 7. Bc4 c5
8. Nf3 Nc6 9. Be3 Bg4 10. O-O cxd4 11. cxd4 Nxd4 12. Bxd4 Bxd4 13. Qxd4 Qxd4
14. Nxd4 Rd8 15. Nf3 f5 16. Rad1 fxe4 17. Rxd8+ Kxd8 18. Nd4 Kd7 19. f3 exf3
20. gxf3 Bh3 21. Rd1 Kc7 22. Ne6+ Kc6 23. a4 a6 24. Bd5+ Kd6 25. Nf4 Bf5 26.
Bxb7+ Ke5 27. Nd3+ Kd4 28. Be4 e5 29. Bxf5 gxf5 30. Nb4+ Ke3 31. Re1+ Kf4
32. Nxa6 Ra8 33. Nc5 h5 34. Ra1 e4 35. fxe4 fxe4 36. a5 e3 37. Kf1 Kf3 38.
Ra3 Rc8 39. Nd3 e2+ 40. Ke1 Kg2 41. Kxe2 Kxh2 42. a6 h4 43. a7 Ra8 44. Nf4
Re8+ 45. Kf3 Ra8 46. Nd5 Rf8+ 47. Ke4 h3 48. a8=Q Rxa8 49. Rxa8 Kg2 50. Ne3+
Kg3 51. Rg8+ Kh2 52. Nf1+ Kh1 53. Rh8 Kg2 54. Ne3+ Kg3 55. Rg8+ Kh2 56. Kf3
Kh1 57. Kf2 h2 58. Kg3 Kg1 59. Kh3+ Kh1 60. Rd8 Kg1 61. Rd1+ Kf2 62. Ng4+
Kf3 63. Nxh2+ {Black resigns} 1-0

[Event "ICC tourney 1954 (60 10)"]
[Site "Internet Chess Club"]
[Date "2020.08.09"]
[Round "9"]
[White "Anishkor"]
[Black "MSU8899"]
[Result "0-1"]
[ICCResult "White checkmated"]
[WhiteElo "1297"]
[BlackElo "1048"]
[Opening "Sicilian: Kan, 5.Nc3"]
[ECO "B43"]
[NIC "SI.41"]
[Time "18:49:29"]
[TimeControl "3600+10"]

1. e4 c5 2. Nf3 e6 3. d4 cxd4 4. Nxd4 a6 5. Nc3 b5 6. a3 Bb7 7. Bd3 d6 8.
O-O Nf6 9. Re1 Qc7 10. Nf3 Nc6 11. Bg5 Be7 12. e5 dxe5 13. Bxb5 axb5 14.
Nxb5 Qb6 15. a4 Ng4 16. Be3 Nxe3 17. Rxe3 Bc5 18. Rb3 O-O 19. Nd6 Bxf2+ 20.
Kh1 Qa7 21. Rxb7 Qa6 22. Ng5 Nd8 23. Qh5 h6 24. Ndxf7 Qxb7 25. Qg6 hxg5 26.
Nh6+ Kh8 27. Ra3 Qxb2 28. h3 Qxa3 29. Qh5 Qc1+ 30. Kh2 Qg1# {White
checkmated} 0-1

[Event "ICC tourney 1954 (60 10)"]
[Site "Internet Chess Club"]
[Date "2020.08.09"]
[Round "9"]
[White "NikkiBat"]
[Black "Aadarsh99"]
[Result "0-1"]
[ICCResult "White resigns"]
[WhiteElo "1280"]
[BlackElo "1091"]
[Opening "Queen's pawn game"]
[ECO "D02"]
[NIC "QP.08"]
[Time "18:49:15"]
[TimeControl "3600+10"]

1. d4 d5 2. Nf3 e6 3. Bf4 Nf6 4. e3 c5 5. c3 Nc6 6. Nbd2 Bd7 7. Be2 Be7 8.
h3 h6 9. Ne5 c4 10. a3 Nxe5 11. dxe5 Ng8 12. Qc2 Bc5 13. Nf3 Ne7 14. O-O Nf5
15. Rfd1 g5 16. Bh2 Bxe3 17. fxe3 Nxe3 18. Qd2 Nxd1 19. Rxd1 Qe7 20. Nd4 Qc5
21. Kh1 Qe7 22. Bh5 O-O-O 23. Qc2 Qe8 24. b3 cxb3 25. Nxb3 Ba4 26. Bg1 Kb8
27. Qb2 Qb5 28. Rb1 Bxb3 29. Qxb3 Qxb3 30. Rxb3 Rd7 31. Bc5 Ka8 32. Be2 a6
33. Kh2 h5 34. Bd6 g4 35. h4 Rc8 36. Kg3 Rg8 37. c4 dxc4 38. Bxc4 Rdd8 39.
Bd3 Rd7 40. Rb6 Rc8 41. Be4 Ka7 42. Rb3 Rc4 43. Re3 Rc8 44. Rb3 Rc4 45. Re3
Rc8 46. Rb3 b5 47. Kf4 Rc4 48. Re3 f5 49. Kg5 Rxe4 50. Rd3 Kb7 51. Kxh5 Rxe5
52. Bxe5 Rxd3 53. Kg5 Rd7 54. h5 Kc6 55. h6 Kd5 56. Kg6 Kxe5 57. h7 Rxh7 58.
Kxh7 Kf4 {White resigns} 0-1

[Event "ICC tourney 1954 (60 10)"]
[Site "Internet Chess Club"]
[Date "2020.08.09"]
[Round "9"]
[White "handsomematch"]
[Black "Diyor"]
[Result "0-1"]
[ICCResult "White resigns"]
[WhiteElo "1205"]
[BlackElo "1129"]
[Opening "Sicilian"]
[ECO "B54"]
[NIC "SI.01"]
[Time "18:48:38"]
[TimeControl "3600+10"]

1. e4 c5 2. Nf3 d6 3. d4 cxd4 4. Nxd4 Nc6 5. Nc3 g6 6. Be3 Bg7 7. Qd2 Nxd4
8. Bxd4 Nf6 9. Bd3 O-O 10. O-O-O a6 11. f3 b5 12. g4 b4 13. Nd5 a5 14. h4
Nxd5 15. Bxg7 Kxg7 16. exd5 Kg8 17. h5 Ba6 18. Qh6 Bxd3 19. Rxd3 g5 20.
Qxg5+ Kh8 21. Qh6 f6 22. f4 e5 23. g5 Qe7 24. Rg3 exf4 25. Rg4 Qe3+ 26. Kb1
fxg5 27. Qxg5 Qe5 28. Rhg1 Qxg5 29. Rxg5 Rg8 30. c3 f3 31. Rxg8+ Rxg8 32.
Rf1 Rf8 33. Kc2 Kg7 34. Kd2 bxc3+ 35. Kxc3 Kh6 36. Kd3 Kxh5 37. Ke4 Kg4 38.
Rg1+ Kh3 39. Ke3 f2 40. Rf1 Kg2 41. Ke2 Re8+ {White resigns} 0-1

[Event "ICC tourney 1954 (60 10)"]
[Site "Internet Chess Club"]
[Date "2020.08.09"]
[Round "9"]
[White "djc403"]
[Black "EdwardTarte"]
[Result "0-1"]
[ICCResult "White checkmated"]
[WhiteElo "1293"]
[BlackElo "1214"]
[Opening "Owen defense"]
[ECO "B00"]
[NIC "VO.01"]
[Time "18:48:45"]
[TimeControl "3600+10"]

1. e4 b6 2. Nf3 Bb7 3. Nc3 g6 4. Bc4 e6 5. O-O Bg7 6. d3 Ne7 7. Bf4 d6 8.
Qd2 O-O 9. h4 Nd7 10. Bh6 Nc6 11. Bxg7 Kxg7 12. Ng5 h6 13. Nf3 Na5 14. Bb5
a6 15. Ba4 b5 16. b4 Nc6 17. Bb3 Nxb4 18. Nxb5 Nxc2 19. Nxc7 Nxa1 20. Qb2+
Kh7 21. Nxa8 Nxb3 22. Qxb3 Qxa8 23. g3 Nc5 24. Qa3 Qb8 25. Nd4 Rc8 26. Rb1
Qc7 27. Rc1 Qd7 28. Nf3 Qa4 29. Qb2 Nxd3 30. Qxb7 Rxc1+ 31. Kg2 Kg7 32. h5
Qc6 33. Qe7 Qc5 34. Nh4 Qxf2+ 35. Kh3 Rh1+ 36. Kg4 Ne5# {White checkmated}
0-1